| TOP OF THE 1ST |
|
Manchester Fisher Cats batting - Pitching for Pittsfield Colonials : RHP Robert Vavrock
|
|
Pitching: RHP Robert Vavrock
|
|
|
Batting: LHB Carlos Cabassa
|
0-0: Ball 1-0: Foul Ball, location: 2F 1-1: Ball 2-1: Called Strike 2-2: Foul Ball, location: 2F 2-2: SOLO HOME RUN (Flyball, 9D, EV 108.8 MPH), Distance : 383 ft
|
|
Batting: LHB Mike Ciampa
|
0-0: Ball 1-0: Reached on error, E6 (Groundball, 56, EV 103.1 MPH)
|
|
Batting: SHB Stan Javier
|
0-0: Called Strike 0-1: Called Strike 0-2: Foul Ball, location: 2F 0-2: Ball 1-2: Foul Ball, location: 2F 1-2: Ball 2-2: Foul Ball, location: 2F 2-2: SINGLE (Line Drive, 78S, EV 105.6 MPH) Mike Ciampa to third
|
|
Batting: RHB Joe Citari
|
0-0: Ball 1-0: Swinging Strike 1-1: 3-RUN HOME RUN (Flyball, 78XD, EV 95.0 MPH), Distance : 401 ft
|
|
Batting: LHB Jessie Reid
|
0-0: Ball 1-0: Ball 2-0: Foul Ball, location: 2F 2-1: Ball 3-1: Foul Ball, location: 2F 3-2: Fly out, F8 (Flyball, 8RM, EV 80.0 MPH)
|
|
Batting: SHB Danny Hernandez
|
0-0: Ball 1-0: Foul Ball, location: 2F 1-1: Ball 2-1: Fly out, F5 (Popup, 56, EV 65.0 MPH)
|
|
Batting: RHB Kevin Darst
|
0-0: Ball 1-0: Called Strike 1-1: Ball 2-1: Foul Ball, location: 2F 2-2: Ball 3-2: Base on Balls
|
|
Batting: RHB Randy Johnson
|
0-0: Ball 1-0: Ball 2-0: Called Strike 2-1: Ball 3-1: Base on Balls Kevin Darst to second
|
|
Batting: RHB Buddy Pryor
|
0-0: Called Strike 0-1: Fly out, F9 (Flyball, 9LM, EV 102.5 MPH)
|
| Top of the 1st over - 4 runs, 3 hits, 1 error, 2 left on base; Manchester 4 - Pittsfield 0 |
| BOTTOM OF THE 1ST |
|
Pittsfield Colonials batting - Pitching for Manchester Fisher Cats : LHP John Machin
|
|
Pitching: LHP John Machin
|
|
|
Batting: SHB Steve Scafa
|
0-0: Called Strike 0-1: Ball 1-1: Ball 2-1: TRIPLE (Line Drive, 78XD, EV 103.1 MPH)
|
|
Batting: RHB Mike Brewer
|
0-0: Called Strike 0-1: Foul Ball, location: 2F 0-2: Fly out, F8 (Flyball, 8RM, EV 94.4 MPH)
|
|
Batting: LHB Terry Francona
|
0-0: Called Strike 0-1: Fly out, F6 (Popup, 6M, EV 48.1 MPH)
|
|
Batting: RHB Shawon Dunston
|
0-0: Fly out, F9 (Flyball, 89XD, EV 95.0 MPH)
|
| Bottom of the 1st over - 0 runs, 1 hit, 0 errors, 1 left on base; Manchester 4 - Pittsfield 0 |
| TOP OF THE 2ND |
|
Manchester Fisher Cats batting - Pitching for Pittsfield Colonials : RHP Robert Vavrock
|
|
Batting: LHB Carlos Cabassa
|
0-0: Foul Ball, location: 2F 0-1: Ball 1-1: Ball 2-1: Foul Ball, location: 2F 2-2: Ball 3-2: Foul Ball, location: 2F 3-2: SOLO HOME RUN (Flyball, 7D, EV 106.9 MPH), Distance : 381 ft
|
|
Batting: LHB Mike Ciampa
|
0-0: Ball 1-0: Foul Ball, location: 2F 1-1: Ball 2-1: Called Strike 2-2: SINGLE (Groundball, 4MS, EV 68.1 MPH) (infield hit)
|
|
Batting: SHB Stan Javier
|
0-0: Fielders Choice at 2nd, 6-4 (Groundball, 6M, EV 81.9 MPH)
|
|
Batting: RHB Joe Citari
|
0-0: Called Strike 0-1: Foul Ball, location: 2F 0-2: Foul Ball, location: 2F 0-2: Ball 1-2: Ball 2-2: Fielders Choice at 2nd, 1-6 (Groundball, 34S, EV 61.3 MPH)
|
|
Batting: LHB Jessie Reid
|
0-0: Ball 1-0: Called Strike 1-1: Ball 2-1: Ball 3-1: Fielders Choice at 2nd, 5-4 (Groundball, 5L, EV 99.4 MPH)
|
| Top of the 2nd over - 1 run, 2 hits, 0 errors, 1 left on base; Manchester 5 - Pittsfield 0 |
| BOTTOM OF THE 2ND |
|
Pittsfield Colonials batting - Pitching for Manchester Fisher Cats : LHP John Machin
|
|
Batting: SHB Felipe Gracia
|
0-0: Ball 1-0: Called Strike 1-1: Swinging Strike 1-2: Ground out 6-3 (Groundball, 6, EV 90.0 MPH)
|
|
Batting: RHB Steven Ramler
|
0-0: Called Strike 0-1: Ball 1-1: Swinging Strike 1-2: Foul Ball, location: 2F 1-2: Ball 2-2: Foul Ball, location: 2F 2-2: SINGLE (Groundball, 56D, EV 105.6 MPH)
|
|
Batting: LHB Eli Aldridge
|
0-0: Ball 1-0: Ball 2-0: Ball 3-0: Called Strike 3-1: Called Strike 3-2: Strikes out swinging
|
|
Batting: SHB David Enos
|
0-0: Ball 1-0: Ball 2-0: Ball 3-0: Called Strike 3-1: Foul Ball, location: 2F 3-2: Strikes out swinging
|
| Bottom of the 2nd over - 0 runs, 1 hit, 0 errors, 1 left on base; Manchester 5 - Pittsfield 0 |
| TOP OF THE 3RD |
|
Manchester Fisher Cats batting - Pitching for Pittsfield Colonials : RHP Robert Vavrock
|
|
Batting: SHB Danny Hernandez
|
0-0: Ball 1-0: Ball 2-0: Foul Ball, location: 2F 2-1: Called Strike 2-2: Ball 3-2: Foul Ball, location: 2F 3-2: SINGLE (Flyball, 9LS, EV 93.1 MPH)
|
|
Batting: RHB Kevin Darst
|
0-0: Swinging Strike 0-1: Ground out 3-1 (Groundball, 34S, EV 65.0 MPH) Danny Hernandez to second
|
|
Batting: RHB Randy Johnson
|
0-0: Ball 1-0: Ball 2-0: Called Strike 2-1: Ground out 5-3 (Groundball, 56S, EV 86.9 MPH)
|
|
Batting: RHB Buddy Pryor
|
0-0: Called Strike 0-1: Ball 1-1: Swinging Strike 1-2: Strikes out swinging
|
| Top of the 3rd over - 0 runs, 1 hit, 0 errors, 1 left on base; Manchester 5 - Pittsfield 0 |
| BOTTOM OF THE 3RD |
|
Pittsfield Colonials batting - Pitching for Manchester Fisher Cats : LHP John Machin
|
|
Batting: RHB Glenn Hoffman
|
0-0: Called Strike 0-1: Ball 1-1: Swinging Strike 1-2: Strikes out swinging
|
|
Batting: SHB Steve Scafa
|
0-0: Called Strike 0-1: Ball 1-1: Foul Ball, location: 2F 1-2: Ball 2-2: Strikes out looking
|
|
Batting: RHB Mike Brewer
|
0-0: Ball 1-0: Called Strike 1-1: SINGLE (Groundball, 4MD, EV 106.3 MPH)
|
|
Batting: LHB Terry Francona
|
0-0: Ball 1-0: Foul Ball, location: 2F 1-1: SINGLE (Line Drive, 6M, EV 101.3 MPH) Mike Brewer to second
|
|
Batting: RHB Shawon Dunston
|
0-0: SINGLE (Groundball, 6D, EV 93.8 MPH) Mike Brewer to third Terry Francona to second Runner from 3rd tries for Home, SAFE, throw by LF to home
|
|
Batting: SHB Felipe Gracia
|
0-0: Foul Ball, location: 2F 0-1: Ball 1-1: Ball 2-1: Ball 3-1: Foul Ball, location: 7LSF, Error on foul ball, E7 3-2: Fly out, F8 (Flyball, 8RD, EV 88.1 MPH)
|
| Bottom of the 3rd over - 1 run, 3 hits, 1 error, 2 left on base; Manchester 5 - Pittsfield 1 |
| TOP OF THE 4TH |
|
Manchester Fisher Cats batting - Pitching for Pittsfield Colonials : RHP Robert Vavrock
|
|
Batting: LHB Carlos Cabassa
|
0-0: Ball 1-0: Called Strike 1-1: Called Strike 1-2: Ball 2-2: Strikes out swinging
|
|
Batting: LHB Mike Ciampa
|
0-0: Called Strike 0-1: Ball 1-1: Ball 2-1: Called Strike 2-2: Fly out, F8 (Flyball, 89D, EV 88.8 MPH)
|
|
Batting: SHB Stan Javier
|
0-0: Called Strike 0-1: Foul Ball, location: 2F 0-2: Ball 1-2: SINGLE (Line Drive, 9S, EV 88.8 MPH)
|
|
Batting: RHB Joe Citari
|
0-0: Swinging Strike 0-1: Ball 1-1: Ball 2-1: Ball 3-1: Foul Ball, location: 2F 3-2: Fly out, F9 (Flyball, 89S, EV 83.1 MPH)
|
| Top of the 4th over - 0 runs, 1 hit, 0 errors, 1 left on base; Manchester 5 - Pittsfield 1 |
| BOTTOM OF THE 4TH |
|
Pittsfield Colonials batting - Pitching for Manchester Fisher Cats : LHP John Machin
|
|
Batting: RHB Steven Ramler
|
0-0: Called Strike 0-1: Ball 1-1: Foul Ball, location: 2F 1-2: Ball 2-2: Fly out, F6 (Line Drive, 6, EV 71.9 MPH)
|
|
Batting: LHB Eli Aldridge
|
0-0: Ball 1-0: Called Strike 1-1: Swinging Strike 1-2: Ball 2-2: Ball 3-2: Base on Balls
|
|
Batting: SHB David Enos
|
0-0: Ball 1-0: Ball 2-0: Called Strike 2-1: Foul Ball, location: 2F 2-2: Strikes out swinging
|
|
Batting: RHB Glenn Hoffman
|
0-0: Ball 1-0: Called Strike 1-1: Ground out 2-3 (Groundball, 15S, EV 71.9 MPH)
|
| Bottom of the 4th over - 0 runs, 0 hits, 0 errors, 1 left on base; Manchester 5 - Pittsfield 1 |
| TOP OF THE 5TH |
|
Manchester Fisher Cats batting - Pitching for Pittsfield Colonials : RHP Robert Vavrock
|
|
Batting: LHB Jessie Reid
|
0-0: Ball 1-0: Foul Ball, location: 2F 1-1: Fly out, F9 (Flyball, 89M, EV 92.5 MPH)
|
|
Batting: SHB Danny Hernandez
|
0-0: Called Strike 0-1: SINGLE (Groundball, 25, EV 72.5 MPH) (infield hit)
|
|
Batting: RHB Kevin Darst
|
0-0: Ball 1-0: Fielders Choice at 2nd, 5-4 (Groundball, 56, EV 99.4 MPH)
|
|
Now at 2B: Fernando Marin
|
|
|
Batting: RHB Randy Johnson
|
0-0: Foul Ball, location: 2F 0-1: Ball 1-1: Ball 2-1: DOUBLE (Line Drive, 7LM, EV 99.4 MPH) Kevin Darst to third Runner from 3rd tries for Home, SAFE, throw by LF to trailing runner, OUT at third! 7-6-5
|
| Top of the 5th over - 1 run, 2 hits, 0 errors, 0 left on base; Manchester 6 - Pittsfield 1 |
| BOTTOM OF THE 5TH |
|
Pittsfield Colonials batting - Pitching for Manchester Fisher Cats : LHP John Machin
|
|
Batting: RHB Fernando Marin
|
0-0: Foul Ball, location: 2F 0-1: SOLO HOME RUN (Flyball, 7D, EV 106.3 MPH), Distance : 358 ft
|
|
Batting: RHB Mike Brewer
|
0-0: Fly out, F8 (Flyball, 8RD, EV 102.5 MPH)
|
|
Batting: LHB Terry Francona
|
0-0: Called Strike 0-1: Foul Ball, location: 2F 0-2: SINGLE (Line Drive, 34D, EV 103.8 MPH)
|
|
Batting: RHB Shawon Dunston
|
0-0: Grounds into double play, 6-4-3 (Groundball, 6, EV 88.1 MPH)
|
| Bottom of the 5th over - 1 run, 2 hits, 0 errors, 0 left on base; Manchester 6 - Pittsfield 2 |
| TOP OF THE 6TH |
|
Manchester Fisher Cats batting - Pitching for Pittsfield Colonials : RHP Robert Vavrock
|
|
Pitching: RHP Douglas Henley
|
|
|
Batting: RHB Buddy Pryor
|
0-0: Called Strike 0-1: Ball 1-1: Ball 2-1: Ball 3-1: Base on Balls
|
|
Batting: LHB Carlos Cabassa
|
0-0: Hit by Pitch Buddy Pryor to second
|
|
Batting: LHB Mike Ciampa
|
0-0: Bunt missed! 0-1: Ball 1-1: Bunted foul 1-2: Ball 2-2: Fly out, F9 (Flyball, 89D, EV 96.3 MPH) Runner from 2nd tags up, SAFE at 3rd, no throw by RF
|
|
Batting: SHB Stan Javier
|
0-0: Ball 1-0: Ball 2-0: Called Strike 2-1: SINGLE (Line Drive, 78S, EV 105.6 MPH) Buddy Pryor scores Carlos Cabassa to second
|
|
Batting: RHB Joe Citari
|
0-0: Called Strike 0-1: Foul Ball, location: 2F 0-2: Fly out, F3 (Popup, 3SF, EV 66.3 MPH)
|
|
Batting: LHB Jessie Reid
|
0-0: Reached on error, E6 (Groundball, 6, EV 107.5 MPH) Carlos Cabassa to third Stan Javier to second
|
|
Batting: SHB Danny Hernandez
|
0-0: Ball 1-0: Called Strike 1-1: Ball 2-1: Foul Ball, location: 2F 2-2: Fly out, F8 (Flyball, 78M, EV 87.5 MPH)
|
| Top of the 6th over - 1 run, 1 hit, 1 error, 3 left on base; Manchester 7 - Pittsfield 2 |
| BOTTOM OF THE 6TH |
|
Pittsfield Colonials batting - Pitching for Manchester Fisher Cats : LHP John Machin
|
|
Batting: SHB Felipe Gracia
|
0-0: Called Strike 0-1: Ball 1-1: Foul Ball, location: 2F 1-2: Ball 2-2: Ball 3-2: Strikes out swinging, 2-3 out at first.
|
|
Batting: RHB Steven Ramler
|
0-0: Ball 1-0: Swinging Strike 1-1: Foul Ball, location: 2F 1-2: Strikes out swinging
|
|
Batting: LHB Eli Aldridge
|
0-0: Ball 1-0: Swinging Strike 1-1: Foul Ball, location: 2F 1-2: Strikes out swinging
|
| Bottom of the 6th over - 0 runs, 0 hits, 0 errors, 0 left on base; Manchester 7 - Pittsfield 2 |
| TOP OF THE 7TH |
|
Manchester Fisher Cats batting - Pitching for Pittsfield Colonials : RHP Douglas Henley
|
|
Batting: RHB Kevin Darst
|
0-0: Ball 1-0: TRIPLE (Line Drive, 9D, EV 102.5 MPH)
|
|
Batting: RHB Randy Johnson
|
0-0: Swinging Strike 0-1: Foul Ball, location: 2F 0-2: Ball 1-2: Ground out 4-3 (Groundball, 4, EV 103.8 MPH) Kevin Darst scores
|
|
Batting: RHB Buddy Pryor
|
0-0: Ball 1-0: Ball 2-0: SINGLE (Flyball, 56D, EV 85.6 MPH)
|
|
Batting: LHB Carlos Cabassa
|
0-0: Ball Wild Pitch! Buddy Pryor to second 1-0: Ball 2-0: Ball 3-0: Called Strike 3-1: Foul Ball, location: 2F 3-2: Foul Ball, location: 2F 3-2: Base on Balls
|
|
Batting: LHB Mike Ciampa
|
0-0: Ball 1-0: Fielders Choice at 2nd, 3-6 (Groundball, 3S, EV 80.0 MPH) Buddy Pryor to third
|
|
Batting: SHB Stan Javier
|
0-0: Ball 1-0: Ball 2-0: Ball 3-0: Called Strike 3-1: Base on Balls Mike Ciampa to second
|
|
Batting: RHB Joe Citari
|
0-0: Ball 1-0: Called Strike 1-1: Ball 2-1: Foul Ball, location: 2F 2-2: Ball 3-2: Ground out 6-3 (Groundball, 6, EV 85.6 MPH)
|
| Top of the 7th over - 1 run, 2 hits, 0 errors, 3 left on base; Manchester 8 - Pittsfield 2 |
| BOTTOM OF THE 7TH |
|
Pittsfield Colonials batting - Pitching for Manchester Fisher Cats : LHP John Machin
|
|
Batting: SHB David Enos
|
0-0: Ball 1-0: Ball 2-0: SINGLE (Groundball, 6MD, EV 101.9 MPH)
|
|
Batting: RHB Glenn Hoffman
|
0-0: Foul Ball, location: 2F 0-1: SINGLE (Groundball, 6MD, EV 96.3 MPH) David Enos to second
|
|
Batting: RHB Fernando Marin
|
0-0: Ball 1-0: Fly out, F3 (Popup, 3SF, EV 78.8 MPH)
|
|
Batting: RHB Mike Brewer
|
0-0: Ball 1-0: Fielders Choice at 2nd, 5-4 (Groundball, 56S, EV 88.1 MPH) David Enos to third
|
|
Batting: LHB Terry Francona
|
0-0: Ball 1-0: Swinging Strike 1-1: SINGLE (Groundball, 34D, EV 95.6 MPH) David Enos scores Mike Brewer to second Runner from 2nd tries for 3rd, SAFE, throw by RF made to third
|
|
Batting: RHB Shawon Dunston
|
0-0: Called Strike 0-1: Fly out, F9 (Flyball, 89D, EV 105.6 MPH)
|
| Bottom of the 7th over - 1 run, 3 hits, 0 errors, 2 left on base; Manchester 8 - Pittsfield 3 |
| TOP OF THE 8TH |
|
Manchester Fisher Cats batting - Pitching for Pittsfield Colonials : RHP Douglas Henley
|
|
Batting: LHB Jessie Reid
|
0-0: Called Strike 0-1: Ball 1-1: Called Strike 1-2: Ball 2-2: Strikes out swinging
|
|
Batting: SHB Danny Hernandez
|
0-0: Called Strike 0-1: Ball 1-1: Fly out, F7 (Flyball, 7LM, EV 83.1 MPH)
|
|
Batting: RHB Kevin Darst
|
0-0: Swinging Strike 0-1: Ground out 5-3 (Groundball, 56S, EV 62.5 MPH)
|
| Top of the 8th over - 0 runs, 0 hits, 0 errors, 0 left on base; Manchester 8 - Pittsfield 3 |
| BOTTOM OF THE 8TH |
|
Pittsfield Colonials batting - Pitching for Manchester Fisher Cats : LHP John Machin
|
|
Batting: SHB Felipe Gracia
|
0-0: Ball 1-0: Called Strike 1-1: Ball 2-1: Ground out 5-3 (Groundball, 5, EV 102.5 MPH)
|
|
Batting: RHB Steven Ramler
|
0-0: DOUBLE (Line Drive, 7LM, EV 110.6 MPH)
|
|
Batting: LHB Eli Aldridge
|
0-0: Fly out, F5 (Popup, 5SF, EV 89.4 MPH)
|
|
Batting: SHB David Enos
|
0-0: Foul Ball, location: 2F 0-1: Foul Ball, location: 2F 0-2: Ball 1-2: Ball 2-2: Foul Ball, location: 2F 2-2: Foul Ball, location: 2F 2-2: Fly out, F9 (Flyball, 9LD, EV 98.8 MPH)
|
| Bottom of the 8th over - 0 runs, 1 hit, 0 errors, 1 left on base; Manchester 8 - Pittsfield 3 |
| TOP OF THE 9TH |
|
Manchester Fisher Cats batting - Pitching for Pittsfield Colonials : RHP Douglas Henley
|
|
Batting: RHB Randy Johnson
|
0-0: Called Strike 0-1: Ball 1-1: Ground out 1-3 (Groundball, 13S, EV 70.0 MPH)
|
|
Pitching: LHP Richard Santos
|
|
|
Batting: RHB Buddy Pryor
|
0-0: Swinging Strike 0-1: Fly out, F8 (Flyball, 8LS, EV 95.6 MPH)
|
|
Batting: LHB Carlos Cabassa
|
0-0: Called Strike 0-1: Ball 1-1: Foul Ball, location: 2F 1-2: Ball 2-2: Foul Ball, location: 2F 2-2: Ball 3-2: Base on Balls
|
|
Batting: LHB Mike Ciampa
|
0-0: Ball Carlos Cabassa steals 2nd base 1-0: Called Strike 1-1: Swinging Strike 1-2: Foul Ball, location: 2F 1-2: Ball 2-2: Ground out 4-3 (Groundball, 34D, EV 111.9 MPH)
|
| Top of the 9th over - 0 runs, 0 hits, 0 errors, 1 left on base; Manchester 8 - Pittsfield 3 |
| BOTTOM OF THE 9TH |
|
Pittsfield Colonials batting - Pitching for Manchester Fisher Cats : LHP John Machin
|
|
Pitching: RHP Chris Davis
|
|
|
Batting: RHB Glenn Hoffman
|
0-0: Ball 1-0: Ball 2-0: SOLO HOME RUN (Flyball, 7D, EV 100.0 MPH), Distance : 365 ft
|
|
Batting: RHB Fernando Marin
|
0-0: Foul Ball, location: 2F 0-1: SOLO HOME RUN (Flyball, 89XD, EV 90.6 MPH), Distance : 415 ft
|
|
Batting: RHB Mike Brewer
|
0-0: Called Strike 0-1: Ball 1-1: Called Strike 1-2: Foul Ball, location: 2F 1-2: Foul Ball, location: 2F 1-2: Ball 2-2: Fly out, F9 (Line Drive, 9, EV 91.9 MPH)
|
|
Batting: LHB Terry Francona
|
0-0: Ground out U3 (Groundball, 34S, EV 85.6 MPH)
|
|
Batting: RHB Shawon Dunston
|
0-0: Ball 1-0: Ball 2-0: Called Strike 2-1: Ground out 4-3 (Groundball, 4S, EV 70.0 MPH)
|
| Bottom of the 9th over - 2 runs, 2 hits, 0 errors, 0 left on base; Manchester 8 - Pittsfield 5 |
|